Map: Lost and Found LE

Players

Marzbar - Winner!

  • Race: Zerg Zerg
  • League: Diamond
  • Spawn Location: 7:00

DhOjhA

  • Race: Terran Terran
  • League: Diamond
  • Spawn Location: 1:00

VOD

Have the link to the VOD?

Description

Time

  • Played on: June 13, 2018, 11:21 p.m.
  • Length: 11:40
Show
View Real Time Build Order
Export as new Build Order

Marzbar Zerg - Winner!

Build Orders: Hatch First 

Get SALT Encoding   

  12  0:01  Drone  
  13  0:12  Overlord  
  13  0:18  Drone  
  14  0:31  Drone x2  
  14  0:34  Drone  
  17  0:53  Hatchery  
  17  0:56  Drone  
  17  0:58  Drone  
  17  1:01  Extractor  
  17  1:15  Spawning Pool  
  16  1:21  Drone  
  17  1:33  Drone  
  17  1:34  Drone  
  17  1:38  Overlord  
  19  1:50  Drone  
  20  2:03  Queen  
  20  2:05  Zergling x2, Queen  
  20  2:06  Zergling x2  
  26  2:11  Metabolic Boost  
  26  2:14  Drone  
  27  2:17  Drone  
  28  2:27  Drone x2  
  29  2:47  Hatchery  
  28  2:54  Drone  
  28  2:55  Queen  
  28  2:56  Drone  
  28  2:57  Overlord  
  32  3:11  Drone x3  
  34  3:23  Zergling x2  
  34  3:24  Drone x2  
  34  3:25  Overlord  
  34  3:26  Drone x4  
  41  3:38  Zergling x4  
  42  4:10  Drone x7, Queen  
  42  4:11  Overlord x2, Queen  
  42  4:12  Zergling x4  
  54  4:18  Evolution Chamber  
  54  4:23  Zergling x6  
  56  4:43  Zergling x2  
  56  4:44  Zergling x10  
  56  4:45  Drone x4  
  65  4:46  Queen  
  70  4:58  Hatchery  
  68  5:02  Drone  
  68  5:03  Drone x4  
  68  5:04  Zerg Missile Weapons Level 1  
  70  5:11  Extractor  
  69  5:23  Zergling x2  
  69  5:24  Zergling x6  
  73  5:32  Baneling Nest, Lair  
  71  5:40  Drone  
  71  5:41  Extractor, Drone x5  
  74  5:43  Overlord x2  
  74  5:49  Hatchery  
  69  6:07  Drone x4  
  69  6:08  Drone x3, Evolution Chamber  
  67  6:17  Overlord  
  67  6:18  Overlord  
  67  6:20  Zergling x6  
  67  6:22  Zergling x2  
  67  6:23  Zergling x4  
  73  6:32  Extractor  
  72  6:39  Hydralisk Den, Zerg Ground Armor Level 1  
  71  6:41  Zergling x8  
  71  6:42  Zergling x6  
  71  6:43  Zergling x6  
  71  6:44  Queen x4  
  89  6:47  Drone  
  89  6:48  Drone  
  91  6:58  Baneling x4  
  91  6:59  Baneling  
  91  7:08  Hydralisk x2  
  91  7:11  Zergling x12  
  91  7:12  Zergling x14  
  91  7:14  Extractor  
  107  7:17  Extractor  
  106  7:31  Drone  
  106  7:32  Drone x3  
  106  7:33  Overlord x3  
  106  7:34  Overlord x2  
  110  7:46  Overlord  
  110  7:47  Zerg Missile Weapons Level 2  
  107  7:58  Hydralisk  
  107  7:59  Hydralisk x6  
  121  8:10  Drone  
  121  8:11  Drone x10  
  121  8:12  Drone  
  133  8:13  Drone x4  
  137  8:21  Hydralisk  
  137  8:22  Hydralisk x2  
  143  8:36  Centrifical Hooks  
  143  8:40  Zerg Melee Weapons Level 1  
  143  8:41  Hydralisk x2  
  143  8:42  Hydralisk x4  
  155  8:51  Extractor  
  155  8:53  Extractor  
  155  8:54  Overlord x3  
  155  8:55  Overlord  
  152  9:12  Hydralisk x6  
  160  9:25  Overseer  
  160  9:37  Hydralisk x7  
  160  9:38  Hydralisk x4  
  180  9:40  Overlord x4  
  180  9:52  Zergling x4  
  182  9:54  Baneling x6  
  182  9:55  Baneling x4, Overlord x2  
  182  9:58  Zergling x10  
  187  10:01  Zergling x2, Grooved Spines  
  187  10:02  Zergling x18  
  187  10:03  Zergling x2  
  181  10:26  Hydralisk x4  
  181  10:27  Hydralisk x6  
  189  10:55  Hatchery  
  183  10:57  Hatchery  
  183  11:03  Hatchery  
  150  11:12  Hydralisk  
  150  11:13  Hydralisk x10  
  168  11:26  Infestation Pit  
Show
View Real Time Build Order
Export as new Build Order

DhOjhA Terran 

Build Orders: MMM Bio 

Get SALT Encoding   

  12  0:02  SCV  
  13  0:14  SCV  
  13  0:17  Supply Depot  
  14  0:26  SCV  
  15  0:41  Barracks  
  15  0:44  Refinery, SCV  
  16  0:57  SCV  
  17  1:02  Barracks  
  17  1:09  SCV  
  18  1:12  Refinery  
  18  1:21  SCV  
  19  1:33  SCV  
  20  1:41  Reaper  
  20  1:45  Orbital Command  
  21  1:48  Supply Depot  
  21  2:02  Reaper  
  22  2:11  SCV, Factory  
  22  2:15  Reaper  
  24  2:23  SCV  
  25  2:35  SCV  
  26  2:47  SCV  
  26  2:48  Supply Depot  
  27  2:53  Reaper  
  27  2:54  Reaper  
  27  2:57  Starport, Factory Tech Lab  
  29  2:59  SCV  
  30  3:12  SCV  
  31  3:24  SCV, Command Center  
  32  3:28  Barracks Tech Lab, Barracks Reactor  
  32  3:40  Factory Tech Lab  
  31  3:52  SCV  
  32  4:01  Siege Tank  
  35  4:04  SCV  
  35  4:16  SCV  
  39  4:19  Supply Depot  
  39  4:32  Liberator  
  39  4:39  SCV  
  37  4:48  Command Center  
  37  4:49  Medivac  
  37  4:51  Stimpack, SCV  
  37  4:52  Marine x2  
  42  5:08  Siege Tank  
  42  5:10  Marine x2  
  42  5:13  Orbital Command, SCV  
  47  5:25  SCV  
  47  5:28  Marine x2  
  50  5:31  Refinery x2  
  50  5:37  SCV  
  48  5:44  Siege Tank  
  48  5:45  Marine  
  48  5:46  Marine  
  48  5:49  SCV  
  53  5:50  SCV  
  54  6:01  SCV  
  54  6:02  SCV  
  53  6:07  Marine x2  
  53  6:08  Medivac  
  57  6:13  SCV  
  58  6:19  SCV  
  58  6:24  Marine  
  58  6:25  SCV, Marine  
  61  6:27  Command Center  
  62  6:48  Supply Depot  
  62  6:49  SCV x2, Marine  
  62  6:50  Supply Depot  
  62  6:51  Combat Shield  
  62  6:53  Engineering Bay  
  65  6:56  Engineering Bay, Marine  
  67  7:01  SCV x2  
  67  7:02  Medivac  
  70  7:10  Marine  
  70  7:13  SCV x2  
  70  7:14  Marine  
  74  7:24  Terran Infantry Weapons Level 1  
  74  7:25  SCV x2  
  74  7:27  Terran Infantry Armor Level 1  
  74  7:29  Barracks  
  76  7:37  SCV x2  
  78  7:46  Barracks  
  78  7:49  SCV  
  78  7:50  Barracks  
  79  7:52  Orbital Command  
  79  7:53  Barracks  
  79  7:58  Armory  
  79  8:03  SCV  
  79  8:04  SCV  
  79  8:05  Supply Depot, Marine  
  82  8:16  SCV x2  
  82  8:17  Orbital Command  
  84  8:30  Supply Depot  
  84  8:32  Supply Depot  
  84  8:39  Supply Depot, Barracks Reactor x2  
  84  8:40  Supply Depot, Barracks Reactor  
  84  8:41  Siege Tank, Medivac x2  
  87  8:43  Barracks Reactor  
  87  8:44  Supply Depot  
  91  8:49  Missile Turret  
  91  8:55  Missile Turret  
  91  8:58  Missile Turret  
  91  9:03  Marine x2  
  91  9:04  Refinery  
  91  9:05  SCV x3  
  91  9:06  Refinery  
  96  9:11  Medivac  
  95  9:20  Terran Infantry Weapons Level 2  
  95  9:21  Marine  
  95  9:23  Marine x6  
  95  9:24  Marine x3  
  103  9:31  SCV x3  
  108  9:39  Command Center  
  108  9:43  SCV x2  
  108  9:44  Terran Vehicle Weapons Level 1  
  110  9:47  Medivac  
  110  9:48  Medivac  
  110  9:49  Marauder  
  110  9:50  Marine x4  
  110  9:51  Marine  
  121  9:55  SCV x2  
  123  10:07  Marine x3  
  123  10:08  Siege Tank, Marine  
  123  10:13  SCV  
  123  10:14  Factory  
  131  10:15  Factory  
  109  10:27  Marine x9  
  92  10:33  Unknown  
  92  10:40  Siege Tank  
  95  10:43  SCV x3  
  95  10:44  Marine x2  
  95  10:45  Marine x2  
  102  10:55  SCV  
  96  11:02  Unknown, Marine  
  96  11:03  Marauder, Marine x6  
  87  11:10  Marine  
  78  11:20  Marine x2  
  78  11:21  Marine  
Tags
 
Composition
MMM Bio
Matchup
TvZ
Replay Pack
June Replays
Spawn Locations
Cross Positions
Add a new tag
Caveats
  • Supply blocks, unpowered buildings, or Contaminate may cause inaccurate times.
  • Supply counts are checked every 10 seconds.